Map: Lightshade LE

Players

Vindicta

  • Race: Terran Terran

Asuna - Winner!

  • Race: Protoss Protoss

Event: DreamHack SC2 Masters 2021 Winter

VOD

Have the link to the VOD?

Description

Time

  • Played on: Oct. 5, 2021, 4:31 p.m.
  • Length: 4:49

All games in this series

Show
View Real Time Build Order
Export as new Build Order

Vindicta Terran 

Build Orders: Cyclone Opening 

Get SALT Encoding   

  12  0:00  SCV  
  13  0:12  SCV  
  14  0:16  Supply Depot  
  14  0:24  SCV  
  15  0:38  SCV  
  15  0:41  Barracks  
  16  0:43  Refinery  
  16  0:50  SCV  
  17  1:02  SCV  
  18  1:14  SCV  
  19  1:29  Marine  
  19  1:30  Orbital Command  
  20  1:44  Command Center  
  20  1:53  Bunker  
  20  2:07  Factory  
  20  2:12  Marine  
  20  2:25  Supply Depot  
  20  2:26  SCV  
  21  2:35  Barracks Tech Lab, Refinery  
  21  2:38  SCV  
  22  2:50  SCV  
  23  2:59  Cyclone  
  23  3:01  Marine  
  27  3:05  Orbital Command  
  26  3:14  SCV  
  26  3:19  Marine  
  28  3:27  SCV  
  29  3:31  Cyclone  
  32  3:35  SCV  
  32  3:39  SCV  
  33  3:57  Starport  
  33  4:08  Cyclone  
  34  4:12  Marine  
  34  4:22  SCV  
  34  4:23  Bunker  
Show
View Real Time Build Order
Export as new Build Order

Asuna Protoss - Winner!

Build Orders: Proxy Void Ray 

Get SALT Encoding   

  12  0:00  Probe  
  13  0:12  Probe  
  14  0:20  Pylon  
  14  0:24  Probe  
  15  0:30  Pylon  
  15  0:38  Probe  
  16  0:49  Gateway  
  16  0:50  Probe (Chrono Boost)  
  17  1:00  Assimilator, Probe (Chrono Boost)  
  18  1:05  Probe (Chrono Boost)  
  18  1:10  Assimilator  
  19  1:16  Probe  
  19  1:18  Assimilator  
  20  1:28  Probe  
  21  1:36  Cybernetics Core  
  21  1:37  Zealot (Chrono Boost)  
  23  1:40  Probe  
  24  1:53  Probe  
  27  2:01  Zealot (Chrono Boost)  
  27  2:05  Probe  
  28  2:12  Stargate  
  28  2:23  Pylon  
  28  2:24  Stalker  
  30  2:37  Warp Gate  
  30  2:41  Shield Battery  
  30  2:43  Shield Battery  
  30  2:46  Void Ray (Chrono Boost)  
  30  2:58  Pylon  
  34  3:13  Void Ray (Chrono Boost)  
  34  3:16  Shield Battery  
  34  3:25  Gateway  
  38  3:46  Void Ray (Chrono Boost), Shield Battery x2  
  43  4:02  Probe  
  43  4:06  Shield Battery  
  43  4:09  Shield Battery  
  43  4:14  Probe  
  42  4:26  Stalker  
  42  4:30  Stalker  

Tags
 
Add a new tag
Caveats
  • Supply blocks, unpowered buildings, or Contaminate may cause inaccurate times.
  • Supply counts are checked every 10 seconds.